 Dungeon Crawl Stone Soup version 0.30-a0-728-gc68057be0a (webtiles) character file.

Game seed: 14103510989173197413

63 Arximoufas the Conjurer (level 3, -2/19 HPs)
             Began as a Deep Elf Conjurer on Jan 30, 2023.
             Slain by a gnoll
             ... wielding a +0 whip
              (7 damage)
             ... on level 2 of the Dungeon.
             The game lasted 00:06:07 (2029 turns).

Arximoufas the Conjurer (Deep Elf Conjurer)         Turns: 2029, Time: 00:06:08

Health: -2/19      AC:  4    Str:  4    XL:     3   Next: 87%
Magic:  6/10       EV: 12    Int: 24    God:
Gold:   117        SH:  0    Dex: 13    Spells: 9/10 levels left

rFire   + . .      SeeInvis .    k - staff of fire
rCold   . . .      Faith    .    (no shield)
rNeg    . . .      Spirit   .    f - +2 robe {Will+}
rPois   .          Reflect  .    (no helmet)
rElec   .          Harm     .    (no cloak)
rCorr   .          Rampage  .    (no gloves)
Will    +....                    (no boots)
Stlth   ++                       l - amulet of the acrobat
HPRegen 0.23/turn                (no ring)
MPRegen 0.12/turn                (no ring)

@: flying
A: no striking features
a: no special abilities


You were on level 2 of the Dungeon.
You visited 1 branch of the dungeon, and saw 3 of its levels.

You collected 117 gold pieces.

Inventory:

Missiles
 n - a throwing net
Armour
 f - a +2 robe of willpower (worn)
Magical Staves
 k - a staff of fire (weapon)
Jewellery
 l - an amulet of the acrobat (around neck)
Scrolls
 a - a scroll of teleportation {unknown}
 e - 3 scrolls of identify {unknown}
 h - a scroll of fog {unknown}
 j - a scroll of poison {unknown}
Potions
 b - a potion of magic
 c - a potion of flight
 d - a potion of curing {unknown}
 g - a potion of heal wounds {unknown}
 i - 2 potions of haste {unknown}
 m - a potion of mutation {unknown}


   Skills:
 - Level 2.4 Dodging
 + Level 3.8 Stealth
 + Level 4.1 Spellcasting
 + Level 5.0 Conjurations


You had 9 spell levels left.
You knew the following spells:

 Your Spells              Type           Power      Damage    Failure   Level
a - Magic Dart            Conj           100%       1d8       1%          1

Your spell library contained the following spells:

 Spells                   Type           Power      Damage    Failure   Level
 Searing Ray              Conj           58%        2d6       1%          2
 Dazzling Flash           Conj/Hex       34%        N/A       11%         3
 Ensorcelled Hibernation  Hex/Ice        8%         N/A       14%         2
 Passwall                 Tmut/Erth      3%         N/A       14%         2
 Inner Flame              Hex/Fire       7%         N/A       28%         3
 Swiftness                Air            4%         N/A       28%         3
 Fulminant Prism          Conj/Hex       8%         3d6       34%         4
 Iskenderun's Mystic Bla  Conj/Tloc      17%        2d5       34%         4
 Cause Fear               Hex            2%         N/A       67%         4
 Discord                  Hex            2%         N/A       100%        8


Dungeon Overview and Level Annotations

Branches:
Dungeon (3/15)

Altars:

Shops:
D:1 !

Annotations:
D:2 Sigmund


Message History

Level annotation: Sigmund
There is a stone staircase leading down here.
There is an open door here.
There is a stone staircase leading down here.
You climb downwards.
There is a stone staircase leading up here.
Aiming: Magic Dart (safe; 1% risk of failure)
Press: ? - help, Q - select action, (/) - cycle Shift-Dir - straight line, f - gnoll
Aim: a gnoll, wielding a +0 whip and wearing a +0 ring mail (100% to hit)
The magic dart hits the gnoll but does no damage.
Aiming: Magic Dart (safe; 1% risk of failure)
Press: ? - help, Q - select action, (/) - cycle Shift-Dir - straight line, f - gnoll
Aim: a gnoll, wielding a +0 spear (100% to hit)
The magic dart hits the gnoll.
The gnoll is moderately wounded.
Aiming: Magic Dart (safe; 1% risk of failure)
Press: ? - help, Q - select action, (/) - cycle Shift-Dir - straight line, f/p - gnoll
Aim: a gnoll, wielding a +0 spear (moderately wounded, 100% to hit)
The magic dart hits the gnoll but does no damage.
The gnoll closely misses you. The gnoll hits you with a +0 whip!
The gnoll hits you from afar with a +0 spear.
You climb upwards.
Level annotation: Sigmund
There is a stone staircase leading down here.
Aiming: Magic Dart (safe; 1% risk of failure)
Press: ? - help, Q - select action, (/) - cycle Shift-Dir - straight line, f - gnoll
Aim: a gnoll, wielding a +0 whip and wearing a +0 ring mail (100% to hit)
The magic dart hits the gnoll but does no damage.
The gnoll hits you with a +0 whip.
Aiming: Magic Dart (safe; 1% risk of failure)
Press: ? - help, Q - select action, (/) - cycle Shift-Dir - straight line, f/p - gnoll
Aim: a gnoll, wielding a +0 whip and wearing a +0 ring mail (100% to hit)
The magic dart hits the gnoll but does no damage.
The gnoll hits you with a +0 whip.
* * * LOW HITPOINT WARNING * * *
It was a potion of flight.
You feel very buoyant.
You fly up into the air.
The gnoll hits you with a +0 whip!
You die...

#.###.##......## ##.##
#............## #.#
#.....#####.## #.# #.##### #.#
#.# #.# #.# #.# #.# ##+##
#.####### #.# ##...## #.......#
#.# ##g....## #######.# ##.##
##..@....## ##.###.#
######...####.........####...##.#
............+.........'..........
#####....####.........####.......
# #.#..## ##.......## ##...... ##
#.....# ##.....## ##..... .##
####.## ##...## #..... ..# #.#
##'## ###.## ..# #.# #.# #.#


You could see a gnoll.

Vanquished Creatures
  A gnoll (D:3)
  An adder (D:3)
  A worm (D:3)
  A dart slug (D:2)
  2 ball pythons
  3 endoplasms (D:3)
  4 giant cockroaches
  6 goblins
  2 hobgoblins
  A kobold (D:1)
  2 quokkas
  4 bats
  4 frilled lizards
  4 rats
36 creatures vanquished.

Notes
Turn   | Place    | Note
-------+----------+-------------------------------------------
     0 | D:1      | Arximoufas the Deep Elf Conjurer began the quest for the
                  | Orb.
     0 | D:1      | Reached XP level 1. HP: 10/10 MP: 6/6
   105 | D:1      | Found Bimud's Distillery.
   105 | D:1      | You fall into a shaft and drop 1 floor!
   426 | D:1      | Reached XP level 2. HP: 15/15 MP: 5/8
  1121 | D:2      | Noticed Sigmund
  1318 | D:3      | Identified the +3 dagger of Egruzifo {venom, Str+3}
  1546 | D:3      | Reached XP level 3. HP: 19/19 MP: 7/10
  1553 | D:3      | Identified the +7 whip of the Living God {flame, rF+ Will++
                  | Dex-2}
  1831 | D:3      | Reached skill level 5 in Conjurations
  2029 | D:2      | Slain by a gnoll

Illustrated notes

Levels and vault maps discovered:
D:1:      zelgadis_glass_arrival_small, layout_rooms, serial_shops,
          nicolae_shop_trees
D:2:      layout_loops_corners, kennysheep_minor_cross, uniq_sigmund
D:3:      minmay_skewed_foursquare, layout_loops_ring, minmay_quantized

Skill      XL: |  1  2  3 |
---------------+----------+-----
Stealth        | 3 |  3.8
Spellcasting   | 4 |  4.1
Conjurations   | 5 |  5.0
Dodging        | |  2.4

Action                     || total
---------------------------++-------
   Cast: Magic Dart        ||    74
    Use: Potion            ||     1
 Armour: Robe              ||     1
  Dodge: Dodged            ||     5

Table legend: (Time is in decaauts)
 A = Elapsed time spent in this place.
 B = Non-inter-level travel time spent in this place.
 C = Inter-level travel time spent in this place.
 D = Time resting spent in this place.
 E = Time spent auto-exploring this place.
 F = Levels seen in this place.
 G = Mean time per level.
                   A        B        C        D        E       F      G
               +--------+--------+--------+--------+--------+-----+--------+
         Total |   2029 |   1866 |    163 |    110 |   1294 |   3 |  676.3 |
       Dungeon |   2029 |   1866 |    163 |    110 |   1294 |   3 |  676.3 |
               +--------+--------+--------+--------+--------+-----+--------+

Top non-repeatable levels by time:
     D:2: 845 daAuts
     D:3: 739 daAuts
     D:1: 444 daAuts
